 Dungeon Crawl Stone Soup version 0.28.0-47-ge53b351184 (webtiles) character file.

Game seed: 1388367404070679648

749 Iusername the Skirmisher (level 7, -3/61 (63) HPs)
             Began as a Minotaur Fighter on May 5, 2022.
             Killed from afar by a white imp (8 damage)
             ... with a puff of frost
             ... on level 4 of the Dungeon.
             The game lasted 00:05:58 (4981 turns).

Iusername the Skirmisher (Minotaur Fighter)         Turns: 4981, Time: 00:06:00

HP:   -3/61 (63)    AC: 16    Str: 21    XL:     7   Next: 48%
MP:   6/6           EV:  6    Int:  7    God:
Gold: 120           SH:  5    Dex:  9    Spells: 6/6 levels left

rFire   . . .      SeeInvis .   a - +0 war axe
rCold   . . .      Faith    .   c - +0 buckler
rNeg    . . .      Spirit   .   j - +2 plate armour
rPois   .          Reflect  .   (helmet restricted)
rElec   .          Harm     .   (no cloak)
rCorr   .          Rampage  .   m - +0 pair of gloves
Will    .....                   (no boots)
Stlth   ..........              (no amulet)
HPRegen 0.20/turn               (no ring)
MPRegen 0.10/turn               (no ring)

@: lightly drained
A: horns 2, retaliatory headbutt
a: no special abilities


You were on level 4 of the Dungeon.
You visited 1 branch of the dungeon, and saw 4 of its levels.

You collected 120 gold pieces.

Inventory:

Hand Weapons
 a - a +0 war axe (weapon)
 e - a +3 dire flail
Missiles
 f - 6 javelins (quivered)
 k - a throwing net
Armour
 c - a +0 buckler (worn)
 j - a +2 plate armour (worn)
 m - a +0 pair of gloves (worn)
Jewellery
 l - a ring of resist corrosion
 u - a ring of positive energy
Wands
 p - a wand of digging (6)
 q - a wand of mindburst (5)
Scrolls
 b - a scroll of fear {unknown}
 h - a scroll of enchant weapon {unknown}
 n - 2 scrolls of vulnerability
 o - a scroll of teleportation
 s - a scroll of amnesia {unknown}
 t - a scroll of magic mapping {unknown}
 v - a scroll of brand weapon {unknown}
Potions
 d - a potion of mutation {unknown}
 g - a potion of heal wounds {unknown}
 i - a potion of invisibility {unknown}


   Skills:
 + Level 6.1 Fighting
 + Level 5.5 Axes
 + Level 6.1 Armour
 + Level 6.1 Shields


You had 6 spell levels left.
You didn't know any spells.
Your spell library was empty.

Dungeon Overview and Level Annotations

Branches:
Dungeon (4/15)
 Temple: D:4-7

Altars:
Nemelex Xobeh

Annotations:
D:4 Pikel


Innate Abilities, Weirdness & Mutations

You have a pair of horns on your head.
You reflexively headbutt those who attack you in melee.


Message History

You closely miss Pikel.
Pikel is moderately wounded.
You hit the lemure but do no damage. You slash the lemure!
You kill the lemure!
That felt strangely unrewarding.
You slash the lemure! The lemure barely misses you.
The white imp gestures at you. The puff of frost hits you.
The lemure barely misses you. You furiously retaliate!
You headbutt the lemure. The dart slug launches a dart at you.
The slug dart hits you but does no damage.
Pikel hits you with a +2 whip of electrocution.
You are electrocuted!!
* * * LOW HITPOINT WARNING * * *
You hit Pikel but do no damage. You headbutt Pikel!
Pikel is heavily wounded.
You closely miss the lemure. You hit the lemure.
You kill the lemure!
That felt strangely unrewarding.
The lemure hits you but does no damage. You block Pikel's attack.
The lemure hits you but does no damage.
The white imp picks up a beetle and eats it.
The white imp hits you but does no damage.
You completely miss Pikel. Your headbutt misses Pikel.
Pikel is heavily wounded.
You hit the lemure. You hit the white imp but do no damage.
You hit the dart slug.
Pikel hits you with a +2 whip of electrocution.
* * * LOW HITPOINT WARNING * * *
The lemure hits you but does no damage.
The dart slug bites you but does no damage.
The white imp hits you but does no damage.
Pikel hits you with a +2 whip of electrocution.
* * * LOW HITPOINT WARNING * * *
You hit Pikel but do no damage.
Pikel is heavily wounded.
You hit the dart slug but do no damage. You barely miss the white imp.
You slash the lemure! The lemure hits you but does no damage.
The white imp gestures at you. The puff of frost hits you!
You die...

#....................
#....................
#....................
#....##.............#
#....##.............#
#....##.............#
#######(............#
#.......5......
#......@5......
#######Kw......
#5....... #........
#........ #........
......... .........


You could see Pikel, 2 lemures, a white imp and a dart slug.

Vanquished Creatures
  Eustachio (D:4)
  An ice beast (D:3)
  An ogre (D:4)
  2 lemures (D:4)
  4 wights (D:4)
  A hound (D:4)
  An orc priest (D:4)
  2 orc wizards (D:4)
  Robin (D:2)
  3 adders
  4 dart slugs (D:1)
  8 orcs
  14 ball pythons
  5 endoplasms
  8 giant cockroaches
  17 goblins
  5 hobgoblins
  6 jackals
  8 kobolds
  4 quokkas
  3 bats
  2 frilled lizards
  8 rats
109 creatures vanquished.

Notes
Turn   | Place    | Note
-------+----------+-------------------------------------------
     0 | D:1      | Iusername the Minotaur Fighter began the quest for the Orb.
     0 | D:1      | Reached XP level 1. HP: 19/19 MP: 0/0
   169 | D:1      | Reached XP level 2. HP: 27/27 MP: 1/1
   498 | D:1      | Reached XP level 3. HP: 21/33 MP: 2/2
  1130 | D:1      | Found a faded altar of an unknown god.
  1378 | D:2      | Noticed Robin
  1386 | D:2      | Reached XP level 4. HP: 28/40 MP: 3/3
  1387 | D:2      | Killed Robin
  1502 | D:2      | Found a sparkling altar of Nemelex Xobeh.
  2452 | D:3      | Noticed an ice beast
  2463 | D:3      | Killed an ice beast
  2464 | D:3      | Reached XP level 5. HP: 40/47 MP: 4/4
  2771 | D:4      | Noticed Eustachio
  2786 | D:4      | Killed Eustachio
  2787 | D:4      | Reached skill level 5 in Fighting
  2787 | D:4      | Reached skill level 5 in Armour
  2787 | D:4      | Reached skill level 5 in Shields
  2787 | D:4      | Reached XP level 6. HP: 56/56 MP: 5/5
  3469 | D:4      | HP: 3/75 [something/magic dart (2)]
  3471 | D:4      | Reached skill level 5 in Axes
  3473 | D:4      | Reached XP level 7. HP: 5/59 MP: 6/6
  4970 | D:4      | Noticed Pikel
  4981 | D:4      | Killed from afar by a white imp

Illustrated notes

Levels and vault maps discovered:
D:1:      dpeg_arrival_ternary, layout_loops_ring,
          shapermc_ecumenical_altar_mp_vishouse, minmay_tetromino_o2
D:2:      layout_basic, basic_altar, minmay_worlds_worst_comb, uniq_robin
D:3:      layout_loops_ring, minmay_misc_feat_hallway
D:4:      layout_basic, uniq_eustachio, uniq_pikel

Skill      XL: |  1  2  3  4  5  6  7 |
---------------+----------------------+-----
Armour         | 4 5 6 |  6.1
Fighting       | 4 5 6 |  6.1
Axes           | 3 4 5 |  5.5
Shields        | 4 5 6 |  6.1

Action                   |  1- 3 |  4- 6 |  7- 9 || total
-------------------------+-------+-------+-------++-------
Melee: War axe           |    63 |   122 |    47 ||   232
       Headbutt          |     4 |    18 |     9 ||    31
  Use: Potion            |     1 |     1 |       ||     2
       Scroll            |       |       |     5 ||     5
Armor: Scale mail        |    17 |       |       ||    17
       Plate armour      |    23 |    92 |    47 ||   162
       Skin              |       |    16 |       ||    16
Dodge: Dodged            |    26 |    44 |    18 ||    88
Block: Buckler           |    13 |    22 |     8 ||    43
